 Dungeon Crawl Stone Soup version 0.23.2-1-ga50397a6bc (webtiles) character file.

Game seed: 4994669145690608163

597 Mrkan the Cudgeler (level 7, 0/44 HPs)
             Began as a Gargoyle Fighter on May 17, 2019.
             Slain by a water moccasin (3 damage)
             ... on level 4 of the Dungeon.
             The game lasted 00:10:39 (3918 turns).

Mrkan the Cudgeler (Gargoyle Fighter)               Turns: 3918, Time: 00:10:40

Health: 0/44       AC: 12    Str: 20    XL:     7   Next: 40%
Magic:  7/7        EV:  7    Int: 10    God:
Gold:   245        SH:  9    Dex:  9    Spells: 6/6 levels left

rFire    . . .     SeeInvis .   a - +0 flail
rCold    . . .     Gourm    .   c - +0 shield
rNeg     + . .     Faith    .   b - +0 scale mail
rPois    ∞         Spirit   .   (no helmet)
rElec    +         Reflect  .   (no cloak)
rCorr    .         Harm     .   (no gloves)
MR       .....                  (no boots)
Stlth    ..........             (no amulet)
HPRegen  0.14/turn              (no ring)
MPRegen  0.10/turn              (no ring)

@: no status effects
A: negative energy resistance 1, electricity resistance, unbreathing,
petrification resistance, rot immunity, AC +4
a: no special abilities


You were on level 4 of the Dungeon.
You were not hungry.

You visited 1 branch of the dungeon, and saw 5 of its levels.

You collected 245 gold pieces.

Inventory:

Hand Weapons
 a - a +0 flail (weapon)
Armour
 b - a +0 scale mail (worn)
 c - a +0 shield (worn)
 r - a +0 pair of boots
 s - a +2 robe of cold resistance
Jewellery
 n - a cursed +5 amulet of reflection {unknown}
 x - a +2 ring of intelligence {unknown}
 y - an uncursed amulet of harm {unknown}
Wands
 z - a wand of polymorph (1)
Scrolls
 e - 2 scrolls of magic mapping {unknown}
 g - 5 scrolls of identify {unknown}
 j - a scroll of amnesia {unknown}
 l - a scroll of blinking {unknown}
 p - 3 scrolls of enchant armour {unknown}
 u - 2 scrolls of remove curse {unknown}
 v - a scroll of enchant weapon {unknown}
Potions
 d - a potion of might
 h - a potion of magic {unknown}
 i - 2 potions of curing {unknown}
 k - a potion of mutation {unknown}
 m - a potion of resistance
 o - a potion of heal wounds {unknown}
 q - a potion of flight {unknown}
 t - 2 potions of cancellation {unknown}
 A - a potion of brilliance {unknown}
Comestibles
 f - 7 rations


   Skills:
 + Level 5.0 Fighting
 * Level 5.2 Maces & Flails
 + Level 5.0 Armour
 + Level 5.0 Shields


You had 6 spell levels left.
You didn't know any spells.
Your spell library was empty.

Dungeon Overview and Level Annotations

Branches:
Dungeon (5/15)
 Temple: D:4-7

Altars:
Ashenzari
Cheibriados
Ru
Trog
Xom


Innate Abilities, Weirdness & Mutations

You are resistant to torment.
Your stone body is resilient. (AC +4)
You are immune to poison.
You resist negative energy. (rN+)
You are resistant to electric shocks. (rElec)
You can survive without breathing.
You are immune to petrification.
You are immune to rotting.


Message History

The water moccasin bites you.
* * * LOW HITPOINT WARNING * * *
Your shield and scale mail prevent you from hitting the water moccasin.
The water moccasin is heavily wounded.
The water moccasin barely misses you. The water moccasin bites you.
* * * LOW HITPOINT WARNING * * *
Okay, then.
You block the water moccasin's attack.
Things that are here:
a +0 whip; a gnoll skeleton The water moccasin closely misses you.
You block the water moccasin's attack. You block the water moccasin's attack.
The water moccasin bites you.
* * * LOW HITPOINT WARNING * * *
You block the water moccasin's attack.
The water moccasin bites you but does no damage.
There is a stone staircase leading down here.
The water moccasin bites you.
You die...

#####################
#...................#
#.#####.######.####.###
##.####...###..........#
##...##.###.##........#>#########
...#....# #......###...........<.
.#...##(###.####.# #.............
.##.####...## #@# #....#########
.##.# ##.## #S# #.............
.##.# #.######.###...########.#
.##)# #....[.........# #.#
.##<#####.###########..########.#
##)[......# #........##.#
.......#### ##.#####.##.#
.#####...# #.# ###.##.# .# #.#.#
#.###.......


You could see a water moccasin.

Vanquished Creatures
  An ogre (D:4)
  2 bullfrog zombies (D:5)
  A centaur zombie (D:3)
  A bullfrog skeleton (D:5)
  An orc priest (D:4)
  Ijyb (D:4)
  Terence (D:3)
  3 orc wizards
  2 worker ants (D:4)
  7 gnolls
  2 adders (D:3)
  An ooze (D:2)
  A dart slug (D:2)
  3 leopard geckos
  8 orcs
  5 giant cockroaches
  6 goblins
  9 hobgoblins
  4 jackals (D:2)
  5 quokkas
  2 ball pythons
  7 bats
  3 frilled lizards
  2 giant cockroach zombies (D:5)
  A jackal skeleton (D:5)
  A jackal zombie (D:5)
  5 kobolds
  8 rats
93 creatures vanquished.

Notes
Turn   | Place    | Note
-------+----------+-------------------------------------------
     0 | D:1      | Mrkan the Gargoyle Fighter began the quest for the Orb.
     0 | D:1      | Reached XP level 1. HP: 14/14 MP: 1/1
   148 | D:1      | Reached XP level 2. HP: 19/19 MP: 2/2
   833 | D:2      | Reached XP level 3. HP: 23/23 MP: 3/3
  1563 | D:3      | Found a bloodstained altar of Trog.
  1563 | D:3      | Found a shimmering altar of Xom.
  1569 | D:3      | Reached XP level 4. HP: 29/29 MP: 4/4
  1590 | D:3      | Noticed Terence
  1608 | D:3      | Killed Terence
  1945 | D:3      | Found a sacrificial altar of Ru.
  1954 | D:3      | Reached XP level 5. HP: 24/33 MP: 5/5
  2413 | D:3      | Reached XP level 6. HP: 33/38 MP: 6/6
  3113 | D:4      | Found a shattered altar of Ashenzari.
  3124 | D:4      | Found a snail-covered altar of Cheibriados.
  3146 | D:4      | Noticed Ijyb
  3159 | D:4      | Killed Ijyb
  3159 | D:4      | Reached XP level 7. HP: 39/44 MP: 7/7
  3466 | D:5      | Entered Level 5 of the Dungeon
  3618 | D:4      | Reached skill level 5 in Maces & Flails
  3862 | D:5      | Reached skill level 5 in Fighting
  3862 | D:5      | Reached skill level 5 in Armour
  3873 | D:5      | Reached skill level 5 in Shields
  3912 | D:4      | HP: 2/44 [water moccasin (4)]
  3918 | D:4      | Slain by a water moccasin

Skill      XL: |  1  2  3  4  5  6  7 |
---------------+----------------------+-----
Maces & Flails | 3 4 5 |  5.2
Fighting       | 4 5 |  5.0
Armour         | 4 5 |  5.0
Shields        | 4 5 |  5.0

Action                   |  1- 3 |  4- 6 |  7- 9 || total
-------------------------+-------+-------+-------++-------
Melee: Flail             |   117 |   182 |    93 ||   392
       Unarmed           |       |     7 |     1 ||     8
 Stab: Confused          |       |     1 |       ||     1
  Eat: Chunk             |     2 |     2 |     1 ||     5
       Ration            |       |     1 |     1 ||     2
Armor: Scale mail        |    89 |   111 |    82 ||   282
       Skin              |       |     5 |       ||     5
Dodge: Dodged            |    40 |    63 |    50 ||   153
Block: Shield            |    75 |   107 |    74 ||   256
